AoeStats
← Øa10ŚūnyaØx

Highland

520844041Analyzed
4v4 RM · 3d ago on Nov 13, 2026· 45m 42s· 8 players
Game mode
Random Map
Map size
Large (8 player)
Population
200
Speed
Normal
Resources
Standard
Victory
Conquest
Starting age
Dark Age
Ending age
Imperial Age
RankedLock teamsTeams togetherTeam positionsShared explorationLock speedFull tech treeHidden civsTurbo modeCheats
Victory
Defeat
🇧🇷 Byzantines · Brazil
1122
+14
🇮🇳 Berbers · India
1120
+15
🇧🇷 Khmer · Brazil
1034
+17
🇪🇸 Magyars · Spain
1033
+17
vs
🇩🇪 Teutons · Germany
1099
-16
🇬🇷 Britons · Greece
1080
-16
🇬🇧 Turks · United Kingdom
1074
-16
🇹🇷 Franks · Türkiye
1047
-15
Mattbearman1198
4:01 Loom
11:18 Feudal Age
12:53 Double-Bit Axe
14:22 Horse Collar
16:52 Wheelbarrow
23:10 Castle Age
21:55 Bloodlines
22:46 Scale Barding Armor
24:24 Chain Barding Armor
25:20 Husbandry
26:53 Bow Saw
28:56 Forging
28:53 Squires
30:06 Hand Cart
31:08 Iron Casting
32:06 Fortified Wall
32:07 Masonry
33:29 Heavy Plow
34:16 Thumb Ring
38:05 Imperial Age
37:30 Treadmill Crane
38:12 Ballistics
38:04 Padded Archer Armor
40:15 Blast Furnace
39:50 Plate Barding Armor
38:48 Elite Cannon Galleon
41:16 Conscription
40:52 Gold Mining
40:53 Stone Mining
45:29 Heavy Scorpion
46:31 Leather Archer Armor
Sunnyboy
6:26 Loom
11:24 Feudal Age
11:52 Horse Collar
11:58 Double-Bit Axe
18:26 Castle Age
17:46 Forging
17:54 Scale Barding Armor
19:02 Bloodlines
18:46 Gold Mining
20:43 Heavy Plow
22:16 Bow Saw
23:45 Town Watch
24:50 Wheelbarrow
27:22 Imperial Age
28:15 Iron Casting
28:01 Chain Barding Armor
27:32 Fletching
27:42 Stone Mining
29:03 Fortified Wall
28:29 Cavalier
31:40 Blast Furnace
32:24 Hand Cart
32:56 Crop Rotation
34:06 Two-Man Saw
34:48 Town Patrol
35:40 Stone Shaft Mining
35:44 Plate Barding Armor
35:05 Bodkin Arrow
36:28 Scale Mail Armor
36:28 Padded Archer Armor
35:56 Paladin
37:51 Chemistry
37:11 Ballistics
37:23 Conscription
38:01 Elite Teutonic Knight
39:16 Hoardings
38:57 Siege Engineers
39:03 Masonry
39:15 Chain Mail Armor
39:07 Caravan
43:31 Plate Mail Armor
imam
10:46 Feudal Age
15:51 Castle Age
13:44 Gold Mining
15:17 Forging
18:17 Double-Bit Axe
18:59 Husbandry
19:32 Bow Saw
22:55 Wheelbarrow
22:51 Stone Mining
25:32 Hand Cart
26:17 Scale Barding Armor
26:59 Town Watch
27:01 Loom
34:27 Gold Shaft Mining
35:15 Iron Casting
34:41 Scale Mail Armor
38:29 Imperial Age
39:25 Iron Casting
38:56 Scale Barding Armor
39:42 Cavalier
41:24 Blast Furnace
41:00 Fletching
41:11 Padded Archer Armor
41:50 Conscription
40:58 Elite Skirmisher
42:03 Ballistics
42:44 Chemistry
41:57 Bodkin Arrow
43:07 Leather Archer Armor
gpal23
4:52 Loom
10:11 Feudal Age
10:38 Horse Collar
18:10 Castle Age
16:20 Double-Bit Axe
16:40 Gold Mining
17:00 Fletching
18:47 Crossbowman
24:57 Wheelbarrow
25:26 Stone Mining
26:12 Bow Saw
27:09 Gold Shaft Mining
27:22 Hand Cart
31:50 Yeomen
31:58 Caravan
32:18 Bodkin Arrow
32:23 Padded Archer Armor
32:53 Heavy Plow
34:28 Squires
34:46 Leather Archer Armor
34:31 Scale Mail Armor
34:41 Forging
37:18 Imperial Age
37:00 Ballistics
36:36 Murder Holes
36:57 Husbandry
38:20 Iron Casting
38:00 Chain Mail Armor
37:50 Scale Barding Armor
37:40 Man-at-Arms
38:36 Long Swordsman
38:45 Elite Longbowman
40:45 Blast Furnace
39:31 Two-Handed Swordsman
41:11 Conscription
40:28 Champion
42:30 Plate Mail Armor
KorKo
7:40 Loom
9:54 Feudal Age
11:06 Double-Bit Axe
19:01 Castle Age
19:15 Scale Barding Armor
20:22 Chain Barding Armor
19:55 Horse Collar
20:55 Wheelbarrow
23:14 Fletching
24:34 Bodkin Arrow
24:40 Padded Archer Armor
24:46 Town Watch
27:35 Heavy Plow
28:20 Ballistics
29:25 Hand Cart
29:55 Bloodlines
35:09 Imperial Age
35:51 Leather Archer Armor
36:51 Chemistry
35:53 Bracer
35:18 Heavy Cavalry Archer
37:18 Parthian Tactics
37:26 Ring Archer Armor
37:22 Conscription
39:32 Bow Saw
40:04 Recurve Bow
40:35 Thumb Ring
39:57 Elite Skirmisher
Mkc
11:06 Feudal Age
17:24 Castle Age
16:08 Double-Bit Axe
16:05 Horse Collar
16:25 Stone Mining
16:25 Gold Mining
16:51 Gold Mining
18:21 Town Watch
25:36 Wheelbarrow
25:16 Heavy Plow
29:55 Imperial Age
28:02 Husbandry
28:12 Bloodlines
28:05 Padded Archer Armor
27:55 Fletching
28:41 Bodkin Arrow
28:51 Scale Barding Armor
28:57 Forging
29:40 Hand Cart
33:38 Bloodlines
33:34 Elite Ballista Elephant
35:08 Caravan
35:39 Coinage
38:21 Gold Shaft Mining
38:21 Stone Shaft Mining
37:58 Bow Saw
40:07 Banking
42:54 Elite Battle Elephant
45:34 Light Cavalry
Øa10ŚūnyaØx
0:34 Loom
11:58 Feudal Age
12:19 Man-at-Arms
13:25 Arson
14:36 Double-Bit Axe
15:52 Horse Collar
18:01 Fletching
20:14 Castle Age
19:13 Stone Mining
19:16 Gold Mining
21:36 Medium Warships
21:33 Bodkin Arrow
23:47 Fishing Lines
27:11 Wheelbarrow
30:46 Padded Archer Armor
32:24 Ballistics
35:12 Imperial Age
34:19 Gold Shaft Mining
34:11 Leather Archer Armor
35:11 Kasbah
35:34 Husbandry
35:44 Bloodlines
36:00 Hand Cart
36:31 Conscription
37:18 Elite Camel Archer
38:16 Bracer
40:15 Thumb Ring
41:38 Chemistry
40:33 Town Watch
42:17 Ring Archer Armor
43:04 Maghrebi Camels
43:43 Caravan
44:27 Treadmill Crane
44:43 Murder Holes
44:36 Arrowslits
45:02 Masonry
felipe
10:52 Feudal Age
11:58 Double-Bit Axe
14:49 Castle Age
13:00 Horse Collar
16:06 Bow Saw
21:11 Heavy Plow
23:17 Wheelbarrow
22:38 Gold Mining
25:05 Hand Cart
24:38 Loom
24:50 Stone Mining
27:59 Gold Shaft Mining
29:08 Scale Mail Armor
29:18 Forging
31:57 Imperial Age
31:34 Iron Casting
31:14 Chain Mail Armor
31:47 Fortified Wall
31:47 Gambesons
32:05 Squires
31:51 Arson
33:12 Stone Shaft Mining
32:09 Elite Varangian Guard
33:26 Logistica
33:36 Conscription
34:04 Plate Mail Armor
34:35 Conscription
34:11 Fletching
34:44 Ballistics
34:20 Murder Holes
35:26 Chemistry
34:19 Pikeman
37:36 Halberdier
Connection lost

Rejoining the realm…

Still unreachable

The connection could not be restored.

Session expired

The server has moved on; the page needs a fresh start.